AoeStats
← JellyGolem

Arabia

506572670Analyzed
2v2 RM · 20d ago on Sep 14, 2026· 19m 30s· 4 players
Game mode
Random Map
Map size
Medium (4 player)
Population
200
Speed
Normal
Resources
Standard
Victory
Conquest
Starting age
Dark Age
Ending age
Imperial Age
RankedLock teamsTeams togetherTeam positionsShared explorationLock speedFull tech treeHidden civsTurbo modeCheats
Victory
Defeat
🇺🇸 Vietnamese · United States
968
+13
🇺🇸 Aztecs · United States
917
+15
🇺🇸 Bulgarians · United States
893
-40
🇺🇸 Romans · United States
893
-40
JellyGolem
10:51 Feudal Age
13:01 Double-Bit Axe
13:29 Horse Collar
15:21 Arson
17:03 Scale Mail Armor
17:15 Forging
19:58 Wheelbarrow
mmill105
11:17 Feudal Age
10:33 Loom
12:37 Wheelbarrow
11:50 Double-Bit Axe
15:12 Horse Collar
15:55 Man-at-Arms
19:47 Gold Mining
sixteen360
11:51 Feudal Age
17:47 Loom
ejav
18:46 Feudal Age
Connection lost

Rejoining the realm…

Still unreachable

The connection could not be restored.

Session expired

The server has moved on; the page needs a fresh start.